 Dungeon Crawl Stone Soup version 0.14-a0-882-gdff4d47 (webtiles) character file.

79 Egon the Magician (level 3, -2/29 HPs)
             Began as a Djinni Wizard on Nov 17, 2013.
             Killed by divine providence
             ... invoked by an orc priest
              (8 damage)
             ... on Level 1 of the Dungeon.
             The game lasted 00:04:58 (2303 turns).

Egon the Magician (Djinni Wizard)                   Turns: 2303, Time: 00:04:58

HP  -2/29        AC  4     Str  7      XL: 3   Next: 94%
MP   0/0         EV 12     Int 19      God:
Gold 14          SH  0     Dex 11      Spells:  4 memorised,  2 levels left

Res.Fire  : + + +   See Invis. : .   a - +1,+0 whip
Res.Cold  : x . .   Warding    : .   h - +0 robe
Life Prot.: + + +   Conserve   : .   (no shield)
Res.Poison: .       Res.Corr.  : .   b - +0 wizard hat
Res.Elec. : .       Clarity    : .   d - +1 dwarf cloak
Sust.Abil.: . .     Spirit.Shd : .   (no gloves)
Res.Mut.  : .       Stasis     : .   (boots unavailable)
Res.Rott. : .       Flight     : +   (no amulet)
Saprovore : . . .                    (no ring)
                                     (no ring)

@: flying, very slightly contaminated, not resistant to hostile enchantments,
unstealthy
A: fire immunity, cold vulnerability, life protection 3
a: no special abilities


You were on level 1 of the Dungeon.
You were not hungry.

You visited 1 branch of the dungeon, and saw 1 of its levels.

You collected 14 gold pieces.

Inventory:

Hand weapons
 a - a +1,+0 whip (weapon)
 l - a +0,+0 dwarven short sword
Armour
 b - a +0 wizard hat (worn)
 d - a +1 dwarven cloak (worn)
 h - a +0 robe (worn)
Scrolls
 g - 3 scrolls of identify {unknown}
 i - a scroll of remove curse {unknown}
 j - a scroll of curse jewellery {unknown}
 k - a scroll of curse weapon {unknown}
Potions
 e - a potion of heal wounds {unknown}
 f - 2 potions of curing {unknown}
Books
 c - a book of Minor Magic

   Spells                             Type                      Level
   *Magic Dart                        Conjuration                  1
   *Blink                             Translocation                2
   Call Imp                           Summoning                    2
   Repel Missiles                     Charms/Air                   2
   Slow                               Hexes                        2
   *Conjure Flame                     Conjuration/Fire             3
   *Mephitic Cloud                    Conjuration/Poison/Air       3


   Skills:
 - Level 1.7 Dodging
 - Level 1.5 Stealth
 + Level 4.7 Spellcasting
 + Level 2.9 Conjurations
   Level 1.0 Summonings
 - Level 1.0 Translocations


You had 2 spell levels left.
You knew the following spells:

 Your Spells              Type           Power        Failure   Level  Hunger
a - Magic Dart            Conj           ###.         4%          1    None
b - Blink                 Tloc           N/A          14%         2    #......
c - Mephitic Cloud        Conj/Pois/Air  #.......     28%         3    ###....
d - Conjure Flame         Conj/Fire      ##......     21%         3    ###....


Dungeon Overview and Level Annotations

Branches:
Dungeon (1/16)

Altars:


Innate Abilities, Weirdness & Mutations

You are immune to all types of fire, even holy and hellish.
You are vulnerable to cold.
You need no food.
You have no legs.
You are immune to negative energy.


Message History

The magic dart hits the orc wizard.
The orc wizard is almost dead.
Casting: Magic Dart
Confirm with . or Enter, or press ? or * to list all spells.
Aiming: Magic Dart
Press: ? - help, Shift-Dir - straight line, f/p - orc wizard
Aim: an orc wizard, wielding a runed orcish falchion and wearing an orcish robe (almost dead, bewildered and confused)
The magic dart hits the orc wizard.
You kill the orc wizard!
You reach down and close the door.
You start resting.
Casting: Magic Dart
Confirm with . or Enter, or press ? or * to list all spells.
Aiming: Mephitic Cloud
Press: ? - help, Shift-Dir - straight line You miscast Mephitic Cloud.
The wind howls around you!
The orc priest cheers to no one in particular.
The orc priest calls down the wrath of Beogh upon you.
Something smites you!
You die...

**** #.# ##.## ##### ,,,* #.# #.#
# **,* ##.## #.# # **,* #...#
##'## # **,* ##..# ##...## # ,,,*
##.### ##.....## ### **** #.#.##
##.......## #..
**########....####)........####..
,,..........(...@+........)......
**########....####..........###o.
* ##o#(## ##.......#...... **
#...## ##.....##..o... ,* #....#
##...###...##' ,* #....# ##'##
#...#.. ,* ####.# #.# #...#.. ,*
#.# #.# ##..#.. ,* #.#
##.#####..#..


You could see an orc priest.

Vanquished Creatures
  An orc wizard (D:1)
  A giant gecko (D:1)
  2 orcs (D:1)
  8 bats (D:1)
  4 giant cockroaches (D:1)
  4 hobgoblins (D:1)
  4 jackals (D:1)
  5 kobolds (D:1)
  3 goblins (D:1)
  2 rats (D:1)
34 creatures vanquished.

Notes
Turn   | Place    | Note
--------------------------------------------------------------
     0 | D:1      | Egon, the Djinni Wizard, began the quest for the Orb.
     0 | D:1      | Reached XP level 1. HP: 14/14 MP: 0/0
   495 | D:1      | Reached XP level 2. EP: 14/22
   499 | D:1      | Learned a level 2 spell: Blink
   979 | D:1      | Reached skill level 4 in Spellcasting
  1233 | D:1      | Reached XP level 3. EP: 22/29
  1238 | D:1      | Learned a level 3 spell: Mephitic Cloud
  1242 | D:1      | Learned a level 3 spell: Conjure Flame
  2303 | D:1      | Killed from afar by an orc priest

Action                   || total
-------------------------++-------
Melee: Whip              ||    37
 Cast: Magic Dart        ||    79
       Mephitic Cloud    ||     3
 Stab: Confused          ||     2
